[ AOE2 MATCH · #475165137 ]
UnrankedFranks vs Bulgarians
[ REPLAY ANALYSIS · EXTRACTED FROM THE RECORDED GAME ]
Feudal
10:56
Castle
14:52
Imperial
—
| APM avg | 20.3 |
| APM peak | 56 |
| eAPM avg | 11.9 |
| Villagers / military | 65 / 10 |
Focus
⚔️ 29.1% · 🌾 70.9%
Battering Ram ×7 · Mangonel ×3
Feudal
11:01
Castle
15:21
Imperial
—
| APM avg | 29.7 |
| APM peak | 55 |
| eAPM avg | 21.5 |
| Villagers / military | 140 / 50 |
Focus
⚔️ 29.1% · 🌾 70.9%
Konnik ×29 · Petard ×17 · Battering Ram ×4 · Unknown (1105) ×1
Feudal
8:29
Castle
28:14
Imperial
—
| APM avg | 49.4 |
| APM peak | 104 |
| eAPM avg | 31.2 |
| Villagers / military | 192 / 110 |
Focus
⚔️ 33.0% · 🌾 67.0%
Steppe Lancer ×88 · Battering Ram ×22
Feudal
8:57
Castle
22:23
Imperial
38:25
| APM avg | 34.4 |
| APM peak | 81 |
| eAPM avg | 23.6 |
| Villagers / military | 139 / 44 |
Focus
⚔️ 32.2% · 🌾 67.8%
Archer ×26 · Mangonel ×6 · Spearman ×5 · Knight ×5 · Monk ×2
Match map
Initial resources + every placement click. Lines = walls · curves = elevation contours. ◆ gold · ⬟ stone · ● berries · ✦ relic · ◌ wall gap
Your base· ✓ Closed at 14:52 · 0t walls · 3 gate(s)
sales96's base· ✓ Closed at 15:21 · 0t walls · 2 gate(s)
pac.Etwin O' Fliguter's base· ✓ Closed at 28:14 · 0t walls · 3 gate(s) · fragile
DK_Exmerior's base· ✓ Closed at 22:23 · 18t walls · 5 gate(s)
Smoothed initial terrain · ◌ = detected wall gap · hover for details
Inputs per minute
— pac.Padawan NL - - sales96
Build order — pac.Padawan NL
144 actions detected in the replay
| 0:01 | Create | Villager (Male) ×4 |
| 0:03 | Build | House |
| 0:04 | Build | House |
| 1:23 | Create | Villager (Male) |
| 1:23 | Create | Villager (Male) |
| 1:43 | Build | Lumber Camp |
| 1:46 | Build | House |
| 2:00 | Create | Villager (Male) |
| 2:01 | Create | Villager (Male) |
| 2:16 | Create | Villager (Male) |
| 2:17 | Create | Villager (Male) |
| 2:53 | Create | Villager (Male) |
| 3:03 | Build | House |
| 3:08 | Create | Villager (Male) |
| 3:08 | Create | Villager (Male) |
| 3:21 | Create | Villager (Male) |
| 3:21 | Create | Villager (Male) |
| 3:57 | Create | Villager (Male) |
| 3:57 | Create | Villager (Male) |
| 4:10 | Create | Villager (Male) |
| 5:12 | Create | Villager (Male) |
| 5:12 | Create | Villager (Male) |
| 5:13 | Create | Villager (Male) |
| 5:34 | Build | Mill |
| 5:49 | Create | Villager (Male) |
| 5:50 | Create | Villager (Male) |
| 6:30 | Create | Villager (Male) |
| 6:30 | Create | Villager (Male) |
| 6:30 | Create | Villager (Male) |
| 7:05 | Create | Villager (Male) |
| 7:26 | Build | House |
| 8:15 | Build | Mining Camp |
| 8:33 | Research | Feudal Age |
| 8:36 | Build | Farm |
| 8:48 | Build | Farm |
| 9:59 | Build | Farm |
| 10:26 | Build | Farm |
| 10:56 | Age | Feudal Age |
| 11:05 | Build | Blacksmith |
| 11:08 | Build | Market |
| 11:22 | Create | Villager (Male) |
| 11:23 | Create | Villager (Male) |
| 12:11 | Research | Castle Age |
| 12:26 | Build | House |
| 12:37 | Research | Double-Bit Axe |
| 12:37 | Research | Double-Bit Axe |
| 13:50 | Build | Farm |
| 13:51 | Build | Farm |
| 14:52 | Age | Castle Age |
| 14:57 | Build | Town Center |
| 14:58 | Research | Bow Saw |
| 15:05 | Build | Town Center |
| 15:08 | Create | Villager (Male) |
| 15:08 | Create | Villager (Male) |
| 15:28 | Create | Villager (Male) |
| 15:28 | Create | Villager (Male) |
| 15:50 | Build | Farm |
| 15:51 | Build | Farm |
| 15:52 | Build | Farm |
| 15:53 | Build | Farm |
| 15:54 | Build | Farm |
| 15:56 | Build | Farm |
| 15:57 | Create | Villager (Male) |
| 15:57 | Create | Villager (Male) |
| 16:02 | Build | Farm |
| 16:26 | Build | Monastery |
| 16:27 | Create | Villager (Male) |
| 16:28 | Create | Villager (Male) |
| 16:28 | Create | Villager (Male) |
| 16:34 | Create | Villager (Male) |
| 16:34 | Create | Villager (Male) |
| 16:47 | Build | Farm |
| 16:50 | Create | Villager (Male) |
| 16:50 | Create | Villager (Male) |
| 16:57 | Create | Villager (Male) |
| 17:08 | Build | Farm |
| 17:13 | Research | Loom |
| 17:26 | Research | Fletching |
| 17:30 | Build | House |
| 17:32 | Build | House |
| 17:38 | Build | Siege Workshop |
| 17:43 | Build | Palisade Wall |
| 17:57 | Create | Villager (Male) |
| 17:57 | Create | Villager (Male) |
| 17:57 | Create | Villager (Male) |
| 18:23 | Create | Villager (Male) |
| 18:24 | Create | Villager (Male) |
| 18:24 | Create | Villager (Male) |
| 18:24 | Create | Villager (Male) |
| 18:27 | Build | Mining Camp |
| 19:03 | Create | Mangonel |
| 19:21 | Build | House |
| 19:36 | Create | Villager (Male) |
| 19:36 | Create | Villager (Male) |
| 19:43 | Create | Villager (Male) |
| 19:44 | Create | Villager (Male) |
| 19:46 | Create | Villager (Male) |
| 19:46 | Create | Villager (Male) |
| 20:16 | Create | Villager (Male) |
| 20:16 | Create | Villager (Male) |
| 20:16 | Create | Villager (Male) |
| 20:24 | Build | Farm |
| 20:28 | Build | Farm |
| 20:31 | Create | Mangonel |
| 20:59 | Create | Villager (Male) |
| 21:39 | Build | Castle |
| 23:00 | Build | Mining Camp |
| 23:34 | Build | Mill |
| 23:38 | Build | Mill |
| 23:39 | Build | Farm |
| 23:39 | Build | Farm |
| 23:40 | Build | Farm |
| 24:25 | Build | House |
| 24:27 | Build | House |
| 24:48 | Build | Castle |
| 25:26 | Research | Bodkin Arrow |
| 25:49 | Build | Lumber Camp |
| 26:00 | Create | Battering Ram |
| 26:00 | Create | Battering Ram |
| 26:49 | Build | Mill |
| 27:25 | Build | University |
| 28:07 | Create | Battering Ram |
| 28:07 | Create | Battering Ram |
| 29:12 | Create | Battering Ram |
| 29:17 | Research | Ballistics |
| 29:46 | Build | Town Center |
| 31:17 | Create | Villager (Male) |
| 31:18 | Create | Villager (Male) |
| 31:18 | Create | Villager (Male) |
| 31:42 | Create | Villager (Male) |
| 31:43 | Create | Villager (Male) |
| 32:21 | Build | Lumber Camp |
| 34:26 | Build | Market |
| 34:38 | Create | Mangonel |
| 34:57 | Build | Town Center |
| 35:09 | Create | Battering Ram |
| 35:09 | Create | Battering Ram |
| 36:06 | Build | House |
| 36:08 | Build | House |
| 36:10 | Build | Palisade Wall |
| 37:46 | Build | Watch Tower |
| 37:56 | Build | Stone Wall |
| 37:57 | Build | Stone Wall |
| 38:26 | Build | Siege Workshop |
Build order — sales96
First 150 of 320 actions detected
| 0:01 | Create | Villager (Male) ×4 |
| 0:03 | Build | House |
| 0:04 | Build | House |
| 1:31 | Create | Villager (Male) |
| 1:50 | Build | Lumber Camp |
| 2:11 | Create | Villager (Male) |
| 2:24 | Create | Villager (Male) |
| 2:47 | Create | Villager (Male) |
| 3:03 | Create | Villager (Male) |
| 3:35 | Create | Villager (Male) |
| 3:56 | Build | House |
| 4:13 | Create | Villager (Male) |
| 4:20 | Build | Mill |
| 4:29 | Build | House |
| 4:32 | Build | House |
| 4:36 | Create | Villager (Male) |
| 4:36 | Create | Villager (Male) |
| 4:36 | Create | Villager (Male) |
| 5:06 | Create | Villager (Male) |
| 5:07 | Create | Villager (Male) |
| 5:26 | Create | Villager (Male) |
| 5:26 | Create | Villager (Male) |
| 5:38 | Build | Mining Camp |
| 6:01 | Create | Villager (Male) |
| 6:09 | Build | Farm |
| 6:23 | Build | Farm |
| 6:43 | Create | Villager (Male) |
| 7:25 | Create | Villager (Male) |
| 7:55 | Create | Villager (Male) |
| 8:14 | Create | Villager (Male) |
| 8:30 | Build | Mining Camp |
| 8:45 | Research | Feudal Age |
| 8:46 | Research | Feudal Age |
| 9:11 | Create | Villager (Male) |
| 9:11 | Create | Villager (Male) |
| 11:01 | Age | Feudal Age |
| 11:09 | Build | Market |
| 11:13 | Build | Market |
| 11:17 | Build | Blacksmith |
| 11:23 | Create | Villager (Male) |
| 12:00 | Research | Loom |
| 12:41 | Research | Castle Age |
| 12:41 | Research | Castle Age |
| 12:49 | Build | House |
| 13:28 | Research | Double-Bit Axe |
| 13:28 | Research | Horse Collar |
| 13:50 | Build | Farm |
| 14:15 | Create | Villager (Male) |
| 15:09 | Research | Fletching |
| 15:21 | Age | Castle Age |
| 15:24 | Build | Siege Workshop |
| 15:31 | Research | Bodkin Arrow |
| 15:43 | Create | Unit 1105 |
| 15:45 | Create | Villager (Male) |
| 15:49 | Build | Farm |
| 15:51 | Build | Farm |
| 16:08 | Create | Villager (Male) |
| 16:16 | Build | Farm |
| 16:35 | Create | Villager (Male) |
| 16:58 | Create | Villager (Male) |
| 17:07 | Build | Farm |
| 17:18 | Create | Villager (Male) |
| 17:35 | Build | Krepost |
| 17:39 | Build | House |
| 17:46 | Build | Palisade Wall |
| 17:49 | Build | Palisade Gate |
| 17:52 | Create | Villager (Male) |
| 17:58 | Build | House |
| 18:00 | Build | Farm |
| 18:13 | Create | Villager (Male) |
| 18:17 | Research | Bodkin Arrow |
| 18:26 | Build | Krepost |
| 18:29 | Build | Krepost |
| 18:33 | Build | Farm |
| 18:37 | Build | Farm |
| 18:38 | Create | Villager (Male) |
| 18:42 | Build | House |
| 18:46 | Create | Villager (Male) |
| 19:07 | Research | Town Watch |
| 19:22 | Build | Krepost |
| 19:31 | Create | Konnik |
| 19:32 | Create | Villager (Male) |
| 19:48 | Create | Villager (Male) |
| 20:04 | Create | Konnik |
| 20:22 | Create | Villager (Male) |
| 20:40 | Create | Konnik |
| 20:51 | Build | Farm |
| 20:52 | Create | Villager (Male) |
| 21:38 | Build | Krepost |
| 21:40 | Create | Konnik |
| 21:50 | Build | Krepost |
| 22:15 | Create | Villager (Male) |
| 22:18 | Build | Farm |
| 22:27 | Build | Town Center |
| 22:28 | Create | Villager (Male) |
| 22:44 | Build | Krepost |
| 22:47 | Create | Villager (Male) |
| 22:49 | Research | Bow Saw |
| 23:03 | Build | Krepost |
| 23:08 | Build | Krepost |
| 23:22 | Create | Villager (Male) |
| 23:28 | Research | Heavy Plow |
| 23:39 | Create | Konnik |
| 23:54 | Create | Villager (Male) |
| 24:16 | Create | Villager (Male) |
| 24:16 | Create | Villager (Male) |
| 24:34 | Create | Konnik |
| 24:44 | Create | Villager (Male) |
| 24:44 | Create | Villager (Male) |
| 24:48 | Create | Konnik |
| 25:19 | Create | Villager (Male) |
| 25:19 | Create | Villager (Male) |
| 25:27 | Build | Mining Camp |
| 25:31 | Build | Town Center |
| 25:32 | Create | Villager (Male) |
| 25:35 | Create | Villager (Male) |
| 26:02 | Build | Krepost |
| 26:03 | Create | Villager (Male) |
| 26:12 | Build | Mining Camp |
| 26:13 | Create | Villager (Male) |
| 26:16 | Build | Lumber Camp |
| 26:56 | Create | Petard |
| 26:58 | Create | Villager (Male) |
| 26:58 | Create | Villager (Male) |
| 26:58 | Create | Villager (Male) |
| 27:03 | Build | Farm |
| 27:03 | Build | Farm |
| 27:04 | Build | Farm |
| 27:06 | Build | Farm |
| 27:44 | Build | Siege Workshop |
| 27:48 | Create | Petard |
| 27:54 | Create | Villager (Male) |
| 27:54 | Create | Villager (Male) |
| 27:54 | Create | Villager (Male) |
| 27:57 | Build | Farm |
| 27:58 | Build | Farm |
| 27:59 | Build | Farm |
| 28:08 | Create | Petard |
| 28:11 | Create | Petard |
| 28:30 | Create | Villager (Male) |
| 28:31 | Create | Villager (Male) |
| 28:31 | Create | Villager (Male) |
| 28:33 | Build | Farm |
| 28:38 | Build | Farm |
| 28:39 | Build | Farm |
| 28:47 | Create | Battering Ram |
| 28:57 | Create | Petard |
| 29:08 | Create | Villager (Male) |
| 29:09 | Create | Villager (Male) |
| 29:09 | Create | Villager (Male) |
Build order — pac.Etwin O' Fliguter
First 150 of 399 actions detected
| 0:01 | Create | Villager (Male) |
| 0:01 | Create | Villager (Male) |
| 0:01 | Create | Villager (Male) |
| 0:02 | Create | Villager (Male) |
| 0:03 | Build | House |
| 0:05 | Build | House |
| 1:24 | Create | Villager (Male) |
| 1:45 | Build | Lumber Camp |
| 1:51 | Create | Villager (Male) |
| 1:52 | Create | Villager (Male) |
| 2:20 | Create | Villager (Male) |
| 2:21 | Create | Villager (Male) |
| 2:30 | Create | Villager (Male) |
| 2:31 | Create | Villager (Male) |
| 3:08 | Create | Villager (Male) |
| 3:09 | Build | House |
| 3:34 | Create | Villager (Male) |
| 4:03 | Create | Villager (Male) |
| 4:04 | Create | Villager (Male) |
| 4:07 | Create | Villager (Male) |
| 4:19 | Create | Villager (Male) |
| 4:22 | Build | Mill |
| 4:33 | Create | Villager (Male) |
| 5:49 | Create | Villager (Male) |
| 6:19 | Research | Feudal Age |
| 6:20 | Research | Feudal Age |
| 7:36 | Create | Villager (Male) |
| 7:36 | Create | Villager (Male) |
| 8:03 | Build | House |
| 8:29 | Age | Feudal Age |
| 8:41 | Build | Town Center |
| 8:49 | Create | Villager (Male) |
| 9:10 | Research | Double-Bit Axe |
| 9:10 | Research | Double-Bit Axe |
| 9:11 | Research | Horse Collar |
| 9:11 | Research | Horse Collar |
| 9:23 | Create | Villager (Male) |
| 9:44 | Build | House |
| 10:03 | Create | Villager (Male) |
| 10:10 | Create | Villager (Male) |
| 10:20 | Build | House |
| 10:37 | Create | Villager (Male) |
| 10:37 | Create | Villager (Male) |
| 10:39 | Create | Villager (Male) |
| 10:39 | Create | Villager (Male) |
| 10:57 | Research | Loom |
| 10:57 | Research | Loom |
| 11:09 | Create | Villager (Male) |
| 11:30 | Build | Mining Camp |
| 11:31 | Create | Villager (Male) |
| 11:34 | Build | Farm |
| 11:36 | Build | Farm |
| 11:59 | Create | Villager (Male) |
| 11:59 | Create | Villager (Male) |
| 12:13 | Create | Villager (Male) |
| 12:14 | Create | Villager (Male) |
| 12:58 | Create | Villager (Male) |
| 12:58 | Create | Villager (Male) |
| 13:15 | Build | Farm |
| 13:17 | Build | Farm |
| 13:19 | Build | Farm |
| 13:19 | Build | Farm |
| 13:24 | Build | Farm |
| 13:48 | Build | Farm |
| 13:50 | Build | Farm |
| 14:04 | Create | Villager (Male) |
| 14:04 | Create | Villager (Male) |
| 14:31 | Create | Villager (Male) |
| 14:31 | Create | Villager (Male) |
| 14:50 | Create | Villager (Male) |
| 14:50 | Create | Villager (Male) |
| 14:52 | Build | Farm |
| 14:59 | Create | Villager (Male) |
| 14:59 | Create | Villager (Male) |
| 15:10 | Create | Villager (Male) |
| 15:11 | Create | Villager (Male) |
| 15:13 | Build | Farm |
| 15:15 | Build | Farm |
| 15:23 | Create | Villager (Male) |
| 15:23 | Create | Villager (Male) |
| 15:31 | Build | Blacksmith |
| 15:34 | Create | Villager (Male) |
| 15:34 | Create | Villager (Male) |
| 15:42 | Create | Villager (Male) |
| 15:45 | Build | Mining Camp |
| 15:53 | Create | Villager (Male) |
| 16:13 | Create | Villager (Male) |
| 16:19 | Build | Siege Workshop |
| 16:22 | Create | Villager (Male) |
| 16:35 | Create | Villager (Male) |
| 16:44 | Create | Villager (Male) |
| 16:47 | Build | Farm |
| 16:51 | Create | Villager (Male) |
| 16:58 | Build | Farm |
| 17:22 | Create | Villager (Male) |
| 17:22 | Create | Villager (Male) |
| 17:25 | Build | House |
| 17:28 | Build | House |
| 17:31 | Create | Villager (Male) |
| 17:32 | Create | Villager (Male) |
| 17:32 | Create | Villager (Male) |
| 17:34 | Build | Watch Tower |
| 17:46 | Build | Lumber Camp |
| 17:46 | Create | Villager (Male) |
| 18:14 | Research | Fletching |
| 18:14 | Research | Fletching |
| 18:22 | Create | Villager (Male) |
| 18:25 | Build | House |
| 18:29 | Build | Farm |
| 18:30 | Build | Farm |
| 18:41 | Create | Villager (Male) |
| 18:42 | Create | Villager (Male) |
| 18:48 | Create | Battering Ram |
| 18:48 | Create | Battering Ram |
| 19:02 | Build | House |
| 19:04 | Build | Farm |
| 19:06 | Create | Villager (Male) |
| 19:06 | Create | Villager (Male) |
| 19:15 | Build | Farm |
| 19:21 | Build | Farm |
| 19:21 | Build | Farm |
| 19:22 | Create | Villager (Male) |
| 19:22 | Create | Villager (Male) |
| 19:43 | Create | Villager (Male) |
| 19:54 | Create | Battering Ram |
| 19:54 | Create | Battering Ram |
| 19:58 | Build | Mining Camp |
| 20:02 | Create | Villager (Male) |
| 20:02 | Create | Villager (Male) |
| 20:16 | Create | Villager (Male) |
| 20:17 | Create | Villager (Male) |
| 20:19 | Build | Farm |
| 20:26 | Create | Villager (Male) |
| 20:26 | Create | Villager (Male) |
| 20:31 | Build | Watch Tower |
| 20:40 | Create | Villager (Male) |
| 20:43 | Build | House |
| 20:46 | Build | Farm |
| 20:48 | Build | Mill |
| 20:49 | Build | Farm |
| 20:50 | Create | Villager (Male) |
| 20:50 | Create | Villager (Male) |
| 21:18 | Build | Farm |
| 21:19 | Create | Villager (Male) |
| 21:19 | Create | Villager (Male) |
| 21:19 | Create | Villager (Male) |
| 21:24 | Create | Villager (Male) |
| 21:24 | Create | Villager (Male) |
| 21:30 | Build | Farm |
| 21:37 | Create | Villager (Male) |
Build order — DK_Exmerior
First 150 of 322 actions detected
| 0:01 | Create | Villager (Male) |
| 0:02 | Build | House |
| 0:03 | Create | Villager (Male) |
| 0:03 | Create | Villager (Male) |
| 0:05 | Build | House |
| 0:34 | Create | Villager (Male) |
| 0:34 | Create | Villager (Male) |
| 1:27 | Create | Villager (Male) |
| 1:27 | Create | Villager (Male) |
| 1:47 | Build | Lumber Camp |
| 2:04 | Create | Villager (Male) |
| 2:04 | Create | Villager (Male) |
| 2:28 | Create | Villager (Male) |
| 2:28 | Create | Villager (Male) |
| 2:28 | Create | Villager (Male) |
| 2:48 | Create | Villager (Male) |
| 2:48 | Create | Villager (Male) |
| 3:45 | Create | Villager (Male) |
| 3:58 | Build | Mill |
| 4:06 | Create | Villager (Male) |
| 4:17 | Create | Villager (Male) |
| 4:17 | Create | Villager (Male) |
| 4:17 | Create | Villager (Male) |
| 4:28 | Create | Villager (Male) |
| 4:42 | Research | Loom |
| 4:51 | Create | Villager (Male) |
| 4:52 | Create | Villager (Male) |
| 5:09 | Create | Villager (Male) |
| 5:15 | Create | Villager (Male) |
| 6:44 | Research | Feudal Age |
| 6:45 | Research | Feudal Age |
| 6:50 | Build | Mining Camp |
| 7:51 | Create | Villager (Male) |
| 8:02 | Build | House |
| 8:16 | Create | Villager (Male) |
| 8:57 | Age | Feudal Age |
| 9:26 | Build | Watch Tower |
| 9:42 | Research | Double-Bit Axe |
| 9:44 | Build | House |
| 9:46 | Create | Villager (Male) |
| 10:04 | Build | House |
| 10:06 | Create | Villager (Male) |
| 10:24 | Create | Villager (Male) |
| 10:31 | Research | Horse Collar |
| 10:37 | Create | Villager (Male) |
| 11:14 | Build | Palisade Wall |
| 11:15 | Build | Palisade Wall |
| 11:22 | Build | Watch Tower |
| 11:28 | Build | Palisade Wall |
| 11:30 | Build | Palisade Wall |
| 11:31 | Build | Palisade Wall |
| 11:35 | Create | Villager (Male) |
| 11:37 | Create | Villager (Male) |
| 11:39 | Build | Blacksmith |
| 11:42 | Create | Villager (Male) |
| 11:45 | Build | Palisade Wall |
| 11:47 | Build | Palisade Wall |
| 11:52 | Build | House |
| 12:15 | Create | Villager (Male) |
| 12:16 | Create | Villager (Male) |
| 12:29 | Create | Villager (Male) |
| 12:38 | Build | Palisade Wall |
| 12:39 | Build | Palisade Wall |
| 12:40 | Build | Palisade Wall |
| 12:56 | Create | Villager (Male) |
| 12:57 | Create | Villager (Male) |
| 13:20 | Build | Watch Tower |
| 13:30 | Build | Farm |
| 13:31 | Build | Farm |
| 13:31 | Build | Farm |
| 13:31 | Build | Farm |
| 13:48 | Build | Palisade Wall |
| 13:50 | Build | House |
| 14:02 | Build | Farm |
| 14:04 | Build | Farm |
| 14:04 | Create | Villager (Male) |
| 14:05 | Create | Villager (Male) |
| 14:35 | Create | Villager (Male) |
| 14:51 | Create | Villager (Male) |
| 15:06 | Build | Watch Tower |
| 15:11 | Create | Villager (Male) |
| 15:16 | Build | House |
| 15:17 | Build | House |
| 15:18 | Build | Farm |
| 15:42 | Build | Palisade Gate |
| 15:44 | Create | Villager (Male) |
| 15:59 | Build | Mill |
| 15:59 | Build | Farm |
| 16:04 | Build | Farm |
| 16:05 | Build | Farm |
| 16:05 | Create | Villager (Male) |
| 16:36 | Build | Watch Tower |
| 17:21 | Build | Watch Tower |
| 17:31 | Build | Palisade Wall |
| 17:32 | Build | Palisade Wall |
| 17:38 | Create | Villager (Male) |
| 17:49 | Build | Market |
| 17:50 | Create | Villager (Male) |
| 18:11 | Research | Fletching |
| 18:17 | Build | Farm |
| 18:27 | Build | Watch Tower |
| 18:41 | Create | Villager (Male) |
| 18:43 | Build | Farm |
| 18:47 | Build | Farm |
| 19:01 | Create | Villager (Male) |
| 19:27 | Build | Palisade Wall |
| 19:33 | Build | Palisade Wall |
| 19:43 | Research | Castle Age |
| 20:02 | Build | Palisade Gate |
| 20:18 | Build | Watch Tower |
| 20:28 | Build | Farm |
| 20:29 | Build | Farm |
| 20:32 | Build | Farm |
| 20:33 | Build | Farm |
| 20:36 | Build | Lumber Camp |
| 20:44 | Research | Stone Mining |
| 21:53 | Create | Villager (Male) |
| 21:54 | Create | Villager (Male) |
| 22:02 | Create | Villager (Male) |
| 22:13 | Build | Barracks |
| 22:23 | Age | Castle Age |
| 22:36 | Build | Siege Workshop |
| 22:45 | Research | Bow Saw |
| 22:45 | Research | Heavy Plow |
| 22:49 | Create | Villager (Male) |
| 23:26 | Create | Mangonel |
| 23:33 | Create | Spearman |
| 24:48 | Create | Villager (Male) |
| 24:48 | Create | Villager (Male) |
| 24:49 | Create | Spearman |
| 24:50 | Create | Spearman |
| 25:11 | Create | Villager (Male) |
| 25:12 | Create | Villager (Male) |
| 25:40 | Build | Siege Workshop |
| 26:01 | Build | Watch Tower |
| 26:02 | Research | Bodkin Arrow |
| 26:03 | Create | Villager (Male) |
| 26:09 | Create | Villager (Male) |
| 26:09 | Create | Villager (Male) |
| 26:19 | Build | Town Center |
| 27:05 | Create | Mangonel |
| 27:06 | Create | Mangonel |
| 27:08 | Create | Villager (Male) |
| 27:09 | Create | Villager (Male) |
| 27:17 | Create | Villager (Male) |
| 27:17 | Create | Villager (Male) |
| 27:21 | Build | House |
| 27:22 | Build | House |
| 27:25 | Create | Villager (Male) |
| 27:25 | Create | Villager (Male) |
Match timeline
| 8:29 | pac.Etwin O' Fliguter · age_up feudal |
| 8:57 | DK_Exmerior · age_up feudal |
| 10:56 | pac.Padawan NL · age_up feudal |
| 11:01 | sales96 · age_up feudal |
| 11:14 | DK_Exmerior · wall_segment Palisade Wall x1 |
| 11:15 | DK_Exmerior · wall_segment Palisade Wall x1 |
| 11:28 | DK_Exmerior · wall_segment Palisade Wall x1 |
| 11:30 | DK_Exmerior · wall_segment Palisade Wall x1 |
| 11:31 | DK_Exmerior · wall_segment Palisade Wall x1 |
| 11:45 | DK_Exmerior · wall_segment Palisade Wall x1 |
| 11:47 | DK_Exmerior · wall_segment Palisade Wall x1 |
| 12:38 | DK_Exmerior · wall_segment Palisade Wall x1 |
| 12:39 | DK_Exmerior · wall_segment Palisade Wall x1 |
| 12:40 | DK_Exmerior · wall_segment Palisade Wall x1 |
| 13:48 | DK_Exmerior · wall_segment Palisade Wall x1 |
| 14:52 | pac.Padawan NL · age_up castle |
| 15:21 | sales96 · age_up castle |
| 15:24 | sales96 · first_building Siege Workshop |
| 16:19 | pac.Etwin O' Fliguter · first_building Siege Workshop |
| 16:26 | pac.Padawan NL · first_building Monastery |
| 17:31 | DK_Exmerior · wall_segment Palisade Wall x1 |
| 17:32 | DK_Exmerior · wall_segment Palisade Wall x1 |
| 17:35 | sales96 · first_building Krepost |
| 17:38 | pac.Padawan NL · first_building Siege Workshop |
| 17:43 | pac.Padawan NL · wall_segment Palisade Wall x1 |
| 17:46 | sales96 · wall_segment Palisade Wall x1 |
| 18:16 | sales96 · first_market_buy 100 food |
| 19:02 | pac.Padawan NL · first_market_sell 100 wood |
| 19:27 | DK_Exmerior · wall_segment Palisade Wall x4 |
| 19:33 | DK_Exmerior · wall_segment Palisade Wall x2 |
| 21:07 | pac.Padawan NL · first_market_buy 100 stone |
| 21:39 | pac.Padawan NL · first_building Castle |
| 22:13 | DK_Exmerior · first_building Barracks |
| 22:23 | DK_Exmerior · age_up castle |
| 22:36 | DK_Exmerior · first_building Siege Workshop |
| 24:41 | sales96 · first_market_sell 100 wood |
| 25:33 | pac.Etwin O' Fliguter · first_market_sell 100 food |
| 25:59 | pac.Etwin O' Fliguter · first_building Barracks |
| 26:28 | DK_Exmerior · first_market_sell 100 food |
| 26:56 | pac.Etwin O' Fliguter · first_building Stable |
| 28:14 | pac.Etwin O' Fliguter · age_up castle |
| 28:40 | pac.Etwin O' Fliguter · first_market_buy 100 food |
| 28:47 | DK_Exmerior · first_building Stable |
| 34:28 | DK_Exmerior · first_building Monastery |
| 36:10 | pac.Padawan NL · wall_segment Palisade Wall x1 |
| 36:28 | DK_Exmerior · first_building Archery Range |
| 37:56 | pac.Padawan NL · wall_segment Stone Wall x5 |
| 37:57 | pac.Padawan NL · wall_segment Stone Wall x4 |
| 38:25 | DK_Exmerior · age_up imperial |
| 38:42 | pac.Padawan NL · resign |
| 39:49 | DK_Exmerior · first_building Castle |
[ AI ANALYSIS · 1 CREDIT ]
What really happened in this match?
Wolo.gg analyzes every decision: build order, eco, micro, common mistakes by bracket. Personalized analysis on WhatsApp or Discord in 30 seconds.
Civ guide
Franks
Perfil
Jugador #3451746